 Dungeon Crawl Stone Soup version 0.27-a0-1200-g94dc6ad4cf (webtiles) character file.

Game seed: 11214696052690374088

2429 MacCMillion the Skirmisher (level 9, -7/79 HPs)
             Began as a Purple Draconian Conjurer on May 30, 2021.
             Was a Believer of Dithmenos.
             Shot with a sling bullet by Joseph (21 damage)
             ... on level 7 of the Dungeon.
             The game lasted 01:35:55 (9542 turns).

MacCMillion the Skirmisher (DrCj)                   Turns: 9542, Time: 01:35:56

Health: -7/79      AC:  7    Str: 10    XL:     9   Next: 24%
Magic:  14/19      EV: 12    Int: 27    God:    Dithmenos [**....]
Gold:   288        SH:  0    Dex: 10    Spells: 10/21 levels left

rFire    . . .     SeeInvis .   x - staff of air
rCold    . . .     Faith    .   (no shield)
rNeg     . . .     Spirit   .   (armour unavailable)
rPois    .         Reflect  .   (helmet restricted)
rElec    +         Harm     .   (no cloak)
rCorr    .         Rampage  .   (no gloves)
Will     +....                  (no boots)
Stlth    ++........             (no amulet)
HPRegen  0.23/turn              B - +6 ring of intelligence
MPRegen  0.16/turn              (no ring)

@: wreathed by umbra
A: breathe power, AC +7, unfitting armour, cold-blooded
a: Breathe Dispelling Energy, Renounce Religion, Shadow Step


You were on level 7 of the Dungeon.
You worshipped Dithmenos.
Dithmenos was pleased with you.
You visited 1 branch of the dungeon, and saw 7 of its levels.

You collected 314 gold pieces.
You spent 26 gold pieces at shops.

Inventory:

Hand Weapons
 g - a +1 vorpal war axe
 r - a +0 dagger of draining
 s - a +4 flail of draining
Missiles
 f - 220 stones
Magical Staves
 x - a staff of air (weapon)
Jewellery
 B - a +6 ring of intelligence (left hand)
Wands
 p - a wand of polymorph (6)
 w - a wand of iceblast (8)
 A - a wand of acid (8)
Scrolls
 e - a scroll of blinking {unknown}
 h - 2 scrolls of fear {unknown}
 i - a scroll of brand weapon {unknown}
 j - a scroll of fog {unknown}
 k - a scroll of immolation {unknown}
 m - a scroll of teleportation {unknown}
 n - a scroll of enchant armour {unknown}
 u - a scroll of amnesia {unknown}
 y - a scroll of vulnerability {unknown}
Potions
 a - 2 potions of magic
 b - 3 potions of curing
 c - a potion of berserk rage {unknown}
 d - 3 potions of flight
 l - 2 potions of mutation
 o - 3 potions of brilliance
 q - a potion of heal wounds {unknown}
 t - a potion of haste {unknown}
 v - a potion of lignification {unknown}
 z - 3 potions of degeneration {unknown}


   Skills:
 + Level 7.4 Fighting
 - Level 1.7 Dodging
 - Level 2.5 Stealth
 + Level 6.8 Spellcasting
 + Level 5.3 Conjurations
 * Level 5.9 Hexes
 - Level 5.0 Air Magic


You had 10 spell levels left.
You knew the following spells:

 Your Spells              Type           Power      Damage    Failure   Level
a - Magic Dart            Conj           100%       1d8       1%          1
b - Searing Ray           Conj           76%        3d6       1%          2
c - Shock                 Conj/Air       100%       1d9       1%          1
d - Swiftness             Air            53%        N/A       2%          3
e - Fulminant Prism       Conj/Hex       19%        3d11      6%          4

Your spell library contained the following spells:

 Spells                   Type           Power      Damage    Failure   Level
 Static Discharge         Conj/Air       54%        N/A       1%          2
 Dazzling Flash           Conj/Hex       78%        N/A       1%          3
 Airstrike                Air            26%        N/A       8%          4
 Iskenderun's Mystic Bla  Conj/Tloc      23%        2d6       21%         4
 Lightning Bolt           Conj/Air       27%        1d43      21%         5


Dungeon Overview and Level Annotations

Branches:
Dungeon (7/15)             Temple (0/1) D:6

Altars:
Dithmenos
Xom

Shops:
D:3 *   D:4 [   D:6 :

Annotations:
D:3 3 runed translucent doors, EldarEldrad's ghost, amateur HOFi; glosham's ghost, weakling DjDe; raumwalross's ghost, amateur HOMo
D:4 1 runed translucent door, Crazy Yiuf
D:5 2 transporters, celly00's ghost, novice MfSu
D:7 Joseph


Innate Abilities, Weirdness & Mutations

You can breathe bolts of dispelling energy.
Your rich purple scales are hard. (AC +7)
You cannot fit into any form of body armour.
You are cold-blooded and may be slowed by cold attacks.


Message History

The sling bullet burns you.
Aiming: Shock (safe; 1% risk of failure)
Press: ? - help, Q - select action, (/) - cycle Shift-Dir - straight line, f - Joseph
Aim: Joseph, wielding a +0 hunting sling of flaming, wearing a +0 ring mail and quivering sling bullets (77% to hit)
Okay, then.
You start resting.
Joseph is nearby!
Casting: Shock (safe; 1% risk of failure)
Confirm with . or Enter, or press ? or * to list all spells.
Aiming: Searing Ray (safe; 1% risk of failure)
Press: ? - help, Shift-Dir - straight line, f - Joseph
Aim: Joseph, wielding a +0 hunting sling of flaming, wearing a +0 ring mail and quivering sling bullets (83% to hit)
The searing ray hits Joseph.
Joseph is lightly wounded. (Press . to maintain the ray.) Joseph shoots a sling bullet.
The sling bullet barely misses you.
The searing ray hits Joseph.
Joseph is lightly wounded.
Joseph shoots a sling bullet.
The sling bullet hits you! The sling bullet burns you.
The searing ray misses Joseph.
Joseph shoots a sling bullet.
The sling bullet hits you but does no damage.
Casting: Searing Ray (safe; 1% risk of failure)
Confirm with . or Enter, or press ? or * to list all spells.
Aiming: Searing Ray (safe; 1% risk of failure)
Press: ? - help, Shift-Dir - straight line, f/p - Joseph
Aim: Joseph, wielding a +0 hunting sling of flaming, wearing a +0 ring mail and quivering sling bullets (lightly wounded, 83% to hit)
The searing ray hits Joseph!
Joseph is moderately wounded. (Press . to maintain the ray.) Joseph shoots a sling bullet.
The sling bullet hits you!!
* * * LOW HITPOINT WARNING * * *
The sling bullet burns you.
* * * LOW HITPOINT WARNING * * *
You feel better.
Joseph shoots a sling bullet.
The sling bullet hits you!
* * * LOW HITPOINT WARNING * * *
The sling bullet burns you.
* * * LOW HITPOINT WARNING * * *
Joseph shoots a sling bullet.
The sling bullet hits you!!
You die...

# #...)≈≈≈≈...#....# #..
#...........#....###
#...#.#.......#.#...[...
#...@...........#....####
#.........................
...#.....#...........#######
. #########...#.#.........#
#.@........#.##.#
#..#@..<[....#
#..##......#.#
#..##....#.#.#
#..#.......#.#####
####..#.####....)#
##.........##.##
#.###.....###..# ..
#.....<..## #..# #.#
..........# #..# ..


You could see Joseph.

Vanquished Creatures
  Maggie (D:6)
  Prince Ribbit (D:6)
  Sigmund (D:3)
  2 water moccasins (D:6)
  2 ice beasts (D:5)
  2 ogres (D:4)
  A phantom (D:6)
  A bullfrog (D:6)
  3 scorpions
  2 water moccasin zombies (D:4)
  3 water moccasin skeletons
  A bullfrog zombie (D:5)
  3 hounds
  A jelly (D:6)
  3 orc priests
  2 bullfrog skeletons (D:5)
  A centaur skeleton (D:4)
  Ijyb (D:4)
  An iguana (D:6)
  3 orc wizards
  A scorpion zombie (D:4)
  A howler monkey zombie (D:4)
  6 adders
  3 shadow imps (D:5)
  3 adder skeletons
  5 adder zombies (D:4)
  4 worms
  4 dart slugs
  21 orcs
  3 endoplasms
  9 goblins
  4 hobgoblins
  8 jackals
  2 quokkas (D:1)
  5 ball pythons
  5 bats
  2 frilled lizards
  4 kobolds
  5 rats
130 creatures vanquished.

Vanquished Creatures (others)
  4 withered plants (D:3)
4 creatures vanquished.

Grand Total: 134 creatures vanquished

Notes
Turn   | Place    | Note
-------+----------+-------------------------------------------
     0 | D:1      | MacCMillion the Draconian Conjurer began the quest for the
                  | Orb.
     0 | D:1      | Reached XP level 1. HP: 14/14 MP: 3/3
   403 | D:1      | Reached XP level 2. HP: 20/20 MP: 1/5
   664 | D:1      | Learned a level 2 spell: Searing Ray
  1999 | D:2      | Reached XP level 3. HP: 26/26 MP: 1/6
  2544 | D:2      | Reached XP level 4. HP: 33/33 MP: 1/8
  2812 | D:2      | Learned a level 1 spell: Shock
  3235 | D:3      | Found a shimmering altar of Xom.
  3235 | D:3      | Noticed Sigmund
  3386 | D:3      | Reached skill level 5 in Conjurations
  3550 | D:3      | Found Lishrisch's General Store.
  3558 | D:3      | Bought a scroll of identify for 26 gold pieces
  3639 | D:3      | Found a runed translucent gate.
  3641 | D:3      | Found a runed translucent gate.
  3642 | D:3      | Found a runed translucent gate.
  3643 | D:3      | Noticed EldarEldrad's ghost (amateur HOFi)
  3643 | D:3      | Noticed glosham's ghost (weakling DjDe)
  3643 | D:3      | Noticed raumwalross's ghost (amateur HOMo)
  3753 | D:3      | Reached skill level 1 in Air Magic
  3865 | D:4      | Reached XP level 5. HP: 38/38 MP: 4/9
  4171 | D:4      | Found a shadowy altar of Dithmenos.
  4208 | D:4      | Became a worshipper of Dithmenos the Shadowed
  4277 | D:4      | Found Walisaun's Antique Armour Shop.
  4277 | D:4      | Noticed an ogre
  4277 | D:4      | Noticed an ogre
  4421 | D:4      | Noticed Ijyb
  4426 | D:4      | Killed Ijyb
  4775 | D:4      | Learned a level 3 spell: Swiftness
  4781 | D:4      | Reached XP level 6. HP: 44/46 MP: 3/11
  4903 | D:4      | Reached skill level 1 in Fighting
  5488 | D:3      | Killed Sigmund
  5489 | D:3      | Reached skill level 2 in Fighting
  5489 | D:3      | Your scales start taking on a rich purple colour.
  5489 | D:3      | Reached skill level 5 in Spellcasting
  5489 | D:3      | Reached XP level 7. HP: 55/55 MP: 4/14
  5972 | D:4      | Reached skill level 5 in Air Magic
  6052 | D:4      | Reached * piety under Dithmenos
  6053 | D:4      | Reached skill level 3 in Fighting
  6152 | D:4      | Reached skill level 4 in Fighting
  6487 | D:4      | Found a runed translucent door.
  6488 | D:4      | Noticed Crazy Yiuf
  6673 | D:5      | Entered Level 5 of the Dungeon
  6713 | D:5      | Reached skill level 5 in Fighting
  6963 | D:5      | Reached XP level 8. HP: 67/70 MP: 7/15
  7019 | D:5      | Learned a level 4 spell: Fulminant Prism
  7143 | D:5      | Reached skill level 6 in Fighting
  7143 | D:5      | Reached skill level 1 in Hexes
  7474 | D:5      | Noticed celly00's ghost (novice MfSu)
  7572 | D:5      | Found a transporter.
  7577 | D:5      | Found a transporter.
  7865 | D:5      | Reached ** piety under Dithmenos
  7987 | D:6      | Noticed Prince Ribbit
  7993 | D:6      | Killed Prince Ribbit
  8228 | D:6      | Noticed Maggie
  8265 | D:6      | Killed Maggie
  8266 | D:6      | Reached skill level 7 in Fighting
  8266 | D:6      | Reached skill level 5 in Hexes
  8511 | D:6      | Reached XP level 9. HP: 73/79 MP: 12/18
  8716 | D:6      | Found a staircase to the Ecumenical Temple.
  8721 | D:6      | Found Jekus's Book Emporium.
  9521 | D:7      | Noticed Joseph
  9542 | D:7      | Shot with a sling bullet by Joseph

Illustrated notes

Levels and vault maps discovered:
D:1:      dpeg_arrival_renting, layout_basic, serial_park_tiny_2
D:2:      layout_basic
D:3:      layout_loops_cross, nicolae_overflow_hidden_temple, serial_shops,
          nicolae_shop_stone, gammafunk_ghost_cemetery, uniq_sigmund
D:4:      layout_loops_ring, nicolae_dithmenos_through_a_glass_darkly,
          serial_undead, serial_undead_b, serial_undead_e, serial_undead_f,
          serial_undead_d, kennysheep_windowed_goal, uniq_crazy_yiuf_cottage,
          uniq_ijyb
D:5:      kennysheep_six_static_rooms, layout_basic, gammafunk_ghost_hive
D:6:      layout_rooms, temple_fountains, serial_shops, shop, st_stairs_7,
          uniq_maggie, uniq_prince_ribbit1
D:7:      layout_basic, cheibrodos_worm_habitat, old_standard_altar,
          gammafunk_ghost_stat_death, serial_park_tiny_pond,
          minmay_mini_ossuary, uniq_joseph, uniq_duvessa

Skill      XL: |  1  2  3  4  5  6  7  8 |
---------------+-------------------------+-----
Stealth        | 2 |  2.5
Conjurations   | 5 |  5.3
Spellcasting   | 3 5 6 |  6.8
Air Magic      | 1 3 4 5 |  5.0
Fighting       | 2 5 7 |  7.4
Hexes          | 5 |  5.9
Dodging        | |  1.7

Action                   |  1- 3 |  4- 6 |  7- 9 || total
-------------------------+-------+-------+-------++-------
Melee: Dagger            |    11 |       |       ||    11
       Tailslap          |     1 |       |       ||     1
 Cast: Magic Dart        |    57 |    42 |       ||    99
       Searing Ray       |     6 |    26 |    32 ||    64
       Shock             |       |    26 |    96 ||   122
       Swiftness         |       |     1 |     1 ||     2
  Use: Scroll            |       |     4 |     1 ||     5
       Potion            |       |       |     1 ||     1
Armor: Skin              |    18 |    14 |     7 ||    39
Dodge: Dodged            |    33 |    16 |    27 ||    76

Table legend: (Time is in decaauts)
 A = Elapsed time spent in this place.
 B = Non-inter-level travel time spent in this place.
 C = Inter-level travel time spent in this place.
 D = Time resting spent in this place.
 E = Time spent auto-exploring this place.
 F = Levels seen in this place.
 G = Mean time per level.
                   A        B        C        D        E       F      G
               +--------+--------+--------+--------+--------+-----+--------+
         Total |   9543 |   9217 |    326 |   3558 |   3173 |   7 | 1363.3 |
       Dungeon |   9543 |   9217 |    326 |   3558 |   3173 |   7 | 1363.3 |
               +--------+--------+--------+--------+--------+-----+--------+

Top non-repeatable levels by time:
     D:4: 2045 daAuts
     D:1: 1856 daAuts
     D:6: 1526 daAuts
     D:3: 1422 daAuts
     D:2: 1396 daAuts
     D:5: 1246 daAuts
     D:7: 48 daAuts
